 Dungeon Crawl Stone Soup version 0.29.1-15-g9cfb28693d (webtiles) character file.

Game seed: 16329332781335145320

1392 zeram the Cudgeller (level 8, -1/49 HPs)
             Began as a Gargoyle Fighter on Mar 17, 2023.
             Slain by an ogre
             ... wielding a +0 giant club
              (26 damage)
             ... on level 5 of the Dungeon.
             The game lasted 00:08:48 (5170 turns).

zeram the Cudgeller (Gargoyle Fighter)              Turns: 5170, Time: 00:08:49

Health: -1/49      AC: 18    Str: 22    XL:     8   Next: 68%
Magic:  8/8        EV:  5    Int:  9    God:
Gold:   149        SH:  9    Dex:  9    Spells: 7/7 levels left

rFire   . . .      SeeInvis .   p - +1 whip (flame)
rCold   . . .      Faith    .   h - +0 kite shield
rNeg    + . .      Spirit   .   d - +0 plate armour
rPois   ∞          Reflect  .   (no helmet)
rElec   +          Harm     .   (no cloak)
rCorr   .          Rampage  .   (no gloves)
Will    .....                   (no boots)
Stlth   ..........              m - amulet of magic regeneration
HPRegen 0.16/turn               (no ring)
MPRegen 0.51/turn               (no ring)

@: studying Ranged Weapons
A: sickness immunity, AC +5, negative energy resistance 1, electricity
resistance, torment resistance 1, petrification resistance
a: no special abilities


You were on level 5 of the Dungeon.
You visited 1 branch of the dungeon, and saw 5 of its levels.

You collected 149 gold pieces.

Inventory:

Hand Weapons
 a - a +1 flail
 p - a +1 whip of flaming (weapon)
Armour
 b - a +0 scale mail
 c - a +0 buckler
 d - a +0 plate armour (worn)
 h - a +0 kite shield (worn)
Jewellery
 m - an amulet of magic regeneration (around neck)
Scrolls
 g - a scroll of blinking
 o - a scroll of teleportation
Potions
 e - a potion of curing
 f - a potion of mutation {unknown}
 i - 2 potions of berserk rage {unknown}
 j - a potion of resistance {unknown}
 k - a potion of flight {unknown}
 l - 2 potions of brilliance {unknown}
 n - a potion of invisibility {unknown}


   Skills:
 + Level 5.1 Fighting
 + Level 6.5 Maces & Flails
 + Level 6.2 Armour
 + Level 1.8 Dodging
 + Level 6.3 Shields


You had 7 spell levels left.
You didn't know any spells.
Your spell library contained the following spells:

 Spells                   Type           Power      Damage    Failure   Level
 Frozen Ramparts          Ice            0%         1d1       100%        3
 Ice Form                 Ice/Tmut       0%         N/A       100%        4
 Summon Ice Beast         Ice/Summ       0%         N/A       100%        4


Dungeon Overview and Level Annotations

Branches:
Dungeon (5/15)
 Temple: D:4-7

Altars:
Fedhas
The Shining One


Innate Abilities, Weirdness & Mutations

You are immune to sickness and miasma.
Your stone body is resilient. (AC +5)
You are immune to poison.
You resist negative energy. (rN+)
You are resistant to electric shocks. (rElec)
You are resistant to unholy torment.
You are immune to petrification.


Message History

With Pikel's spell broken, his former minions thank you for their freedom.
The lemure departs this earthly plane. x3
Your Fighting skill increases to level 5!
Your Maces & Flails skill increases to level 6!
Your Armour skill increases to level 6!
Your Shields skill increases to level 6!
Items here: ) [ ††.
p - a +1 whip of flaming Your +1 whip of flaming bursts into flame!
p - a +1 whip of flaming (weapon)
q - a +0 robe You drop a +0 robe.
Found a stone staircase leading up.
An ogre comes into view. It is wielding a +0 giant club.
Found a stone staircase leading down.
An ogre is nearby!
An ogre is nearby!
An ogre is nearby!
An ogre is nearby!
You block the ogre's attack.
You hit the ogre but do no damage. The ogre barely misses you.
You barely miss the ogre. You closely miss the ogre.
The ogre hits you with a +0 giant club!
You barely miss the ogre. The ogre hits you with a +0 giant club!
You hit the ogre. You burn the ogre.
The ogre is moderately wounded.
You whack the ogre! You burn the ogre.
The ogre is severely wounded.
The ogre hits you with a +0 giant club!!
* * * LOW HITPOINT WARNING * * *
You are too injured to fight recklessly!
You are too injured to fight recklessly!
The ogre attacks as you move away! The ogre barely misses you.
You aren't carrying any items that you can evoke.
You feel better.
You hit the ogre but do no damage.
The ogre is heavily wounded.
The ogre hits you with a +0 giant club!!
Ouch! That really hurt!
You die...

### .# [.# .# #.##.#
.....# #########.
..)..# #.@.>.....
.....# ###O########
.....# #.......<...
.)..<### #.#.########
.......># #.#.#
......... ..#.#
.[......# ####.#
........#######.#
....∩...........#####


You could see an ogre.

Vanquished Creatures
  Pikel (D:5)
  A black bear (D:4)
  An ice beast (D:5)
  A lemure (D:5)
  2 scorpions
  5 wights (D:4)
  2 quasits (D:5)
  A gnoll bouda (D:3)
  3 iguanas (D:5)
  7 gnolls
  3 adders
  A shadow imp (D:5)
  A white imp (D:5)
  5 ufetubi (D:5)
  3 worms
  5 dart slugs
  2 orcs
  6 bats
  7 endoplasms
  4 giant cockroaches
  10 goblins
  10 hobgoblins
  A jackal (D:3)
  3 quokkas
  11 ball pythons
  2 frilled lizards
  10 kobolds
  4 rats
112 creatures vanquished.

Vanquished Creatures (others)
  3 demonic plants (D:5)
  5 plants (D:5)
8 creatures vanquished.

Grand Total: 120 creatures vanquished

Notes
Turn   | Place    | Note
-------+----------+-------------------------------------------
     0 | D:1      | zeram the Gargoyle Fighter began the quest for the Orb.
     0 | D:1      | Reached XP level 1. HP: 14/14 MP: 1/1
   257 | D:1      | Reached XP level 2. HP: 17/19 MP: 2/2
   953 | D:2      | Reached XP level 3. HP: 21/24 MP: 3/3
  1156 | D:2      | Reached XP level 4. HP: 9/29 MP: 4/4
  2363 | D:3      | Reached XP level 5. HP: 33/33 MP: 5/5
  2804 | D:4      | Reached skill level 1 in Dodging
  2804 | D:4      | Reached XP level 6. HP: 21/38 MP: 6/6
  2831 | D:4      | HP: 1/38 [wight/+0 flail (6)]
  3000 | D:4      | Found a glowing golden altar of the Shining One.
  3123 | D:4      | Noticed a black bear
  3131 | D:4      | Killed a black bear
  3132 | D:4      | Reached skill level 5 in Armour
  3132 | D:4      | Reached XP level 7. HP: 25/44 MP: 7/7
  4324 | D:3      | Reached skill level 5 in Shields
  4400 | D:4      | Reached skill level 5 in Maces & Flails
  4575 | D:5      | Entered Level 5 of the Dungeon
  4668 | D:5      | Found a blossoming altar of Fedhas.
  4888 | D:5      | Reached XP level 8. HP: 48/48 MP: 8/8
  4975 | D:5      | Noticed Pikel
  5017 | D:5      | Killed Pikel
  5018 | D:5      | Reached skill level 5 in Fighting
  5170 | D:5      | Slain by an ogre

Illustrated notes

Levels and vault maps discovered:
D:1:      amcnicky_arrival_wind_blow, layout_loops_ring
D:2:      layout_loops_ring
D:3:      layout_rooms, minmay_unequal
D:4:      layout_loops_corners, mainiacjoe_overflow_cross_hatched,
          minmay_manual_moon
D:5:      layout_loops_ring, fedhas_altar_1, lemuel_coloured_pillars_altar,
          minmay_temple_entry_oklob, serial_demonic, serial_demonic_b,
          serial_demonic_d, serial_demonic_g, serial_demonic_g,
          serial_demonic_d, serial_demonic_b, uniq_pikel, uniq_edmund

Skill      XL: |  1  2  3  4  5  6  7  8 |
---------------+-------------------------+-----
Maces & Flails | 3 4 5 6 |  6.5
Fighting       | 4 5 |  5.1
Shields        | 4 5 6 |  6.3
Armour         | 4 5 6 |  6.2
Dodging        | 1 |  1.8

Action                   |  1- 3 |  4- 6 |  7- 9 || total
-------------------------+-------+-------+-------++-------
Melee: Flail             |   113 |   174 |   183 ||   470
       Whip              |       |       |     7 ||     7
  Use: Scroll            |     2 |     7 |     2 ||    11
       Potion            |       |     5 |     2 ||     7
Armor: Scale mail        |    68 |    96 |    74 ||   238
       Plate armour      |       |       |    88 ||    88
Dodge: Dodged            |    53 |    72 |   117 ||   242
Block: Buckler           |    13 |       |       ||    13
       Kite shield       |    28 |    77 |   128 ||   233
